 Dungeon Crawl Stone Soup version 0.16-a0-778-g0731923 (webtiles) character file.

15 PolkaDot the Caller (level 2, -1/19 HPs)
             Began as a Vampire Summoner on Sept 25, 2014.
             Slain by a quokka (4 damage)
             ... on Level 2 of the Dungeon.
             The game lasted 00:02:32 (852 turns).

PolkaDot the Caller (Vampire Summoner)               Turns: 852, Time: 00:02:32

HP  -1/19        AC  2     Str  7      XL: 2   Next: 34%
MP   1/4         EV 12     Int 17      God:
Gold 38          SH  0     Dex 14      Spells:  1 memorised,  4 levels left

rFire  . . .     SeeInvis +     c - +0 dagger
rCold  . . .     Clarity  .     a - +0 robe
rNeg   . . .     rCorr    .     (no shield)
rPois  .         rRot     .     (no helmet)
rElec  .         Spirit   .     (no cloak)
SustAb .         Warding  .     (no gloves)
rMut   .         Rnd*Tele +     (no boots)
Gourm  .                        (no amulet)
MR     .....                    (no ring)
                                e - cursed ring of teleportation

@: regenerating quickly, not resistant to hostile enchantments, unstealthy
A: fangs 3, see invisible, unbreathing
a: Evoke Teleportation


You were on level 2 of the Dungeon.
You were very full.

You visited 1 branch of the dungeon, and saw 2 of its levels.

You collected 38 gold pieces.

Inventory:

Hand weapons
 c - a +0 dagger (weapon)
Armour
 a - a +0 robe (worn)
Scrolls
 d - a scroll of random uselessness {unknown}
 g - a scroll of immolation {unknown}
 h - a scroll of enchant weapon {unknown}
Jewellery
 e - a cursed ring of teleportation (left hand)
Potions
 f - a potion of degeneration {unknown}
 i - a potion of poison {unknown}
 j - a potion of curing {unknown}
Books
 b - a book of Callings

   Spells                             Type                      Level
   *Summon Small Mammal               Summoning                    1
   Call Imp                           Summoning                    2
   Call Canine Familiar               Summoning                    3
   Summon Guardian Golem              Hexes/Summoning              4
   Summon Lightning Spire             Summoning/Air                4
   Summon Ice Beast                   Ice/Summoning                4


   Skills:
 - Level 2.1 Dodging
 - Level 3.0 Stealth
 - Level 2.0 Spellcasting
 * Level 4.6 Summonings


You had 4 spell levels left.
You knew the following spells:

 Your Spells              Type           Power        Failure   Level  Hunger
a - Summon Small Mammal   Summ           ###.         2%          1    #......


Dungeon Overview and Level Annotations

Branches:
Dungeon (2/15)

Altars:


Innate Abilities, Weirdness & Mutations

Your natural rate of healing is unusually fast.
You have razor-sharp teeth.
You have supernaturally acute eyesight.
You can survive without breathing.


Message History

You barely miss the quokka. Your bite misses the quokka.
The quokka barely misses you.
You hit the quokka but do no damage. The quokka bites you.
The quokka bites you.
* * * LOW HITPOINT WARNING * * *
You closely miss the quokka. The quokka bites you.
* * * LOW HITPOINT WARNING * * *
Casting: Summon Small Mammal
Confirm with . or Enter, or press ? or * to list all spells.
The quokka bites you but does no damage.
Casting: Summon Small Mammal
Confirm with . or Enter, or press ? or * to list all spells.
Your bat hits the quokka. The quokka bites you.
* * * LOW HITPOINT WARNING * * *
Casting: Summon Small Mammal
Confirm with . or Enter, or press ? or * to list all spells.
* * * LOW MAGIC WARNING * * *
Your bat completely misses the hobgoblin.
The quokka bites you.
You die...

######..##...##..........
#.##8.<.8##..###.....
#.#.......#..# #....
#.#.<.8.>.#..# #... .
#.#..b....#.## #.. .#
##.##8...8##%####.# .#
#...##bgr##.....#.##..##
##.#.##r##..###.....[...
#...##@...## ###.###.##
#.#.####### #.# #.#.# #.#
#.#.# #.#
#.#.############.##
#.#...............#
.###..(.......#..#
#.#...##...#...#
#..#).##..#....#


You could see a quokka, a hobgoblin, a friendly quokka and 2 friendly bats.

Vanquished Creatures
  A giant cockroach (D:2)
  2 goblins (D:1)
  A hobgoblin (D:1)
  A jackal (D:1)
  4 bats
  2 kobolds
  3 rats
14 creatures vanquished.

Vanquished Creatures (collateral kills)
  A goblin (D:1)
  A hobgoblin (D:1)
  A jackal (D:1)
3 creatures vanquished.

Vanquished Creatures (others)
  2 quokkas (D:1)
  3 rats (D:1)
5 creatures vanquished.

Grand Total: 22 creatures vanquished

Notes
Turn   | Place    | Note
--------------------------------------------------------------
     0 | D:1      | PolkaDot, the Vampire Summoner, began the quest for the Orb.
     0 | D:1      | Reached XP level 1. HP: 13/13 MP: 3/3
   445 | D:1      | Reached XP level 2. HP: 16/19 MP: 4/4
   852 | D:2      | Slain by a quokka

Action                   || total
-------------------------++-------
Melee: Dagger            ||    69
       Unarmed           ||     7
 Cast: Summon Small Mamm ||    10
  Use: Potion            ||     1
 Stab: Sleeping          ||     3
  Eat: Corpse            ||     7
